AoeStats
← garryvideo

Fortress

510305258Analyzed
1v1 RM · 2d ago on Sep 30, 2026· 65m 16s· 2 players
Game mode
Random Map
Map size
Small (3 player)
Population
200
Speed
Normal
Resources
Standard
Victory
Conquest
Starting age
Dark Age
Ending age
Imperial Age
RankedLock teamsTeams togetherTeam positionsShared explorationLock speedFull tech treeHidden civsTurbo modeCheats
Victory
Defeat
🇺🇸 Cumans · United States
1446
+15
🇹🇼 Italians · Taiwan
1420
-15
garryvideo
7:22 Feudal Age
11:06 Castle Age
9:12 Double-Bit Axe
9:09 Horse Collar
12:38 Bow Saw
14:22 Heavy Plow
17:03 Loom
17:12 Fletching
19:56 Wheelbarrow
20:32 Bodkin Arrow
21:04 Padded Archer Armor
21:03 Gold Mining
22:48 Ballistics
26:14 Imperial Age
24:28 Masonry
24:22 Stone Mining
25:56 Leather Archer Armor
26:57 Bracer
27:59 Chemistry
28:47 Ring Archer Armor
29:56 Conscription
29:06 Elite Genoese Crossbowman
31:10 Hand Cart
31:42 Thumb Ring
32:20 Scale Mail Armor
33:30 Squires
33:46 Chain Mail Armor
36:50 Plate Mail Armor
36:31 Forging
37:41 Two-Man Saw
39:18 Iron Casting
39:35 Arson
40:04 Light Cavalry
40:55 Bloodlines
42:53 Scale Barding Armor
44:48 Chain Barding Armor
54:42 Herbal Medicine
57:12 Plate Barding Armor
59:46 Blast Furnace
59:32 Husbandry
Arthuche
7:07 Feudal Age
7:43 Double-Bit Axe
7:42 Horse Collar
9:19 Wheelbarrow
14:12 Loom
17:00 Castle Age
20:19 Imperial Age
17:19 Capped Ram
18:28 Bloodlines
18:28 Gold Mining
19:05 Bow Saw
19:01 Fletching
22:37 Hand Cart
23:29 Conscription
23:37 Heavy Plow
24:18 Heavy Plow
24:25 Light Cavalry
26:40 Scale Barding Armor
28:16 Chain Barding Armor
28:06 Forging
27:48 Cavalier
33:50 Plate Barding Armor
33:10 Bodkin Arrow
33:16 Padded Archer Armor
33:47 Hussar
33:50 Elite Skirmisher
34:47 Cuman Mercenaries
34:50 Steppe Husbandry
36:15 Thumb Ring
36:28 Leather Archer Armor
37:03 Iron Casting
37:50 Ring Archer Armor
38:27 Chemistry
39:46 Ballistics
40:28 Blast Furnace
53:27 Town Watch
55:14 Hoardings
60:18 Crop Rotation
59:48 Onager
Connection lost

Rejoining the realm…

Still unreachable

The connection could not be restored.

Session expired

The server has moved on; the page needs a fresh start.